 Dungeon Crawl Stone Soup version 0.19-a0-981-gaae9137 (webtiles) character file.

39779 mistymad the Unseen (level 13, -6/72 HPs)
             Began as a Spriggan Assassin on July 14, 2016.
             Was an Initiate of Gozag.
             Mangled by a catoblepas (14 damage)
             ... on level 6 of the Lair of Beasts.
             The game lasted 01:20:15 (26321 turns).

mistymad the Unseen (Spriggan Assassin)            Turns: 26321, Time: 01:20:15

Health: -6/72      AC: 12    Str: 13    XL:     13   Next: 71%
Magic:  14/14      EV:  4    Int: 16    God:    Gozag
Gold:   1321       SH:  0    Dex: 27    Spells: 0 memorised, 12 levels left

rFire  + . .     SeeInvis +     n - +3 dagger (speed)
rCold  . . .     Gourm    .     E - +4 robe of Augmentation {Str+4 Int+4 Dex+4}
rNeg   + + +     Faith    .     (shield restricted)
rPois  ∞         Spirit   .     (helmet restricted)
rElec  .         Dismiss  .     d - +1 cloak
rCorr  .         Reflect  .     (gloves unavailable)
SustAt .         Harm     .     (boots unavailable)
MR     +++..                    (no amulet)
Stlth  +++++++++.               U - ring of the Hero {rF+ rN+ MR+ Str+2, =R}
                                Q - +4 ring of protection

@: petrified, gold aura, very quick, extremely resistant to hostile
enchantments, incredibly stealthy
A: unfitting armour, see invisible, herbivore 3, speed 3, slow metabolism 2
a: Potion Petition, Call Merchant, Bribe Branch, Renounce Religion


You were on level 6 of the Lair of Beasts.
You worshipped Gozag.
Gozag was most pleased with you.
You were not hungry.

You visited 3 branches of the dungeon, and saw 17 of its levels.
You also visited: Sewer.

You collected 4821 gold pieces.
You spent 1462 gold pieces at shops.
You paid 2038 gold pieces to Gozag.

Inventory:

Hand Weapons
 b - a +0 blowgun
 c - a +2 dagger of venom
 n - a +3 dagger of speed (weapon)
Missiles
 f - 56 poisoned needles
 t - a throwing net (quivered)
Armour
 d - a +1 cloak (worn)
 B - a +2 robe of fire resistance
 C - a +0 buckler
 E - the +4 robe of Augmentation (worn) {Str+4 Int+4 Dex+4}
   (You bought it in a shop on level 1 of the Lair of Beasts)

   It affects your strength (+4).
   It affects your intelligence (+4).
   It affects your dexterity (+4).
Jewellery
 I - an uncursed ring of poison resistance
 K - an uncursed ring of protection from cold
 Q - a +4 ring of protection (left hand)
 U - the ring of the Hero (right hand) {rF+ rN+ MR+ Str+2, =R}
   (You bought it in a shop on level 1 of the Lair of Beasts)

   [ring of protection from fire]

   It affects your strength (+2).
   It protects you from fire.
   It protects you from negative energy.
   It affects your resistance to hostile enchantments.
 Y - an uncursed ring of protection from fire
Wands
 h - a wand of lightning (6/15)
 y - a wand of paralysis (9/24)
 F - a wand of iceblast (7/15)
 J - a wand of enslavement (12/24)
 L - a wand of teleportation (3/9)
 M - a wand of disintegration (17/24)
 R - a wand of flame (27/48)
 X - a wand of paralysis (15/24)
Scrolls
 a - 2 scrolls of brand weapon
 e - 3 scrolls of enchant weapon
 j - 3 scrolls of fog
 l - 3 scrolls of blinking
 p - 3 scrolls of remove curse
 u - 6 scrolls of teleportation
 w - 2 scrolls of amnesia
 x - 5 scrolls of enchant armour
 D - a scroll of vulnerability
 G - 10 scrolls of identify
 N - a scroll of fear
 P - 2 scrolls of magic mapping
Potions
 i - 3 potions of flight
 m - 7 potions of brilliance
 o - 2 potions of mutation
 q - 3 potions of heal wounds
 s - 9 potions of curing
 v - 2 potions of lignification
 z - 2 potions of might
 A - 3 potions of agility
 O - a potion of magic {unknown}
 S - 2 potions of cancellation {unknown}
 W - a potion of beneficial mutation {unknown}
Books
 H - the Catalogue of Lucky Shape Shifting
   (You found it on level 2 of the Lair of Beasts)

   Spells                             Type                      Level
   a - Shroud of Golubria             Charms/Translocation         2
   b - Spider Form                    Transmutation/Poison         3
   c - Petrify                        Transmutation/Earth          4
   d - Iskenderun's Battlesphere      Conjuration/Charms           5
   e - Statue Form                    Transmutation/Earth          6
Miscellaneous
 T - a phantom mirror
Comestibles
 g - 11 bread rations
 k - 16 fruits
 r - 2 royal jellies


   Skills:
 + Level 10.3 Fighting
 - Level 10.0 Short Blades
 - Level 5.2 Throwing
 + Level 15.9 Dodging
 + Level 17.7 Stealth
 + Level 5.7 Shields


You had 12 spell levels left.
You didn't know any spells.

Dungeon Overview and Level Annotations

Branches:
Dungeon (10/15)            Temple (1/1) D:4            Lair (6/6) D:8
  Swamp (0/4) Lair:3        Snake (0/4) Lair:3
  Slime: Lair:5-6       Orc: D:9-12

Altars:
Ashenzari
Cheibriados
Dithmenos
Elyvilon
Fedhas
Gozag
Hepliaklqana
Kikubaaqudgha
Makhleb
Nemelex Xobeh
Okawaru
Pakellas
Qazlal
Ru
Sif Muna
Trog
Uskayaw
Vehumet
Xom
Yredelemnul
Zin
The Shining One

Shops:
D:8 [:   Lair:1 [=*

Annotations:
D:10 Fannar


Innate Abilities, Weirdness & Mutations

You are tiny and cannot use many weapons and most armour.
You have supernaturally acute eyesight. (SInv)
You are a herbivore.
You cover ground extremely quickly.
You need consume almost no food.


Message History

The blast of calcifying dust hits you! The rime drake completely misses you.
You take 7 damage, and have 26/72 hp.
The helpless rime drake fails to defend itself.
You spit the rime drake like a pig!!!!
You kill the rime drake!
You are engulfed in calcifying dust.
You are slowing down.
The catoblepas roars fiercely, eyes lowered.
You see here 13 gold pieces.
Your limbs are stiffening.
You have turned to stone.
The catoblepas breathes a plume of calcifying dust at you.
The blast of calcifying dust hits you!
You are engulfed in calcifying dust.
The catoblepas gores you!!
* * * LOW HITPOINT WARNING * * *
You are engulfed in calcifying dust.
The catoblepas gores you.
* * * LOW HITPOINT WARNING * * *
You are engulfed in calcifying dust.
The catoblepas gores you!!
You die...
Your body crumbles into a pile of gold.

♣....♣♣♣♣♣♣.$♣♣♣..§.........#..
♣♣..♣♣ ♣♣♣.................. ♣.♣♣
♣♣♣♣............... ♣$♣♣
♣............... ♣♣.♣♣♣
♣♣............... ♣♣♣♣...♣♣
♣♣.............#.P ♣.......♣♣♣
♣♣§§............#.#
...........♣♣♣♣..$$......§.....##
..............§§@Y......(....(.##
.......................(.......#.
...........$...$.....$$..........
................$....(...........
.........................(....##.
...................(..........##.
................$.(...........###
.................(....(........#
............?........(...........


You could see a catoblepas.

Vanquished Creatures
  Rupert (Lair:4)
  A hydra (Lair:6)
  Erica (D:8)
  8 death yaks
  Urug (Lair:5)
  A wizard (Lair:6)
  Pikel (D:5)
  A griffon (Lair:6)
  7 elephants
  Psyche (D:10)
  4 black mambas
  9 spiny frogs
  2 torpor snails
  3 rime drakes
  5 komodo dragons
  A troll (D:10)
  Grinder (D:6)
  A polar bear (Lair:6)
  3 blink frogs (Lair:4)
  A spriggan (D:8)
  3 basilisks
  A wyvern (D:8)
  50 yaks
  2 humans (Lair:5)
  2 steam dragons
  5 hippogriffs
  3 nagas (Lair:3)
  15 water moccasins
  Duvessa (D:6)
  4 porcupines
  3 orc warriors
  A swamp drake (Lair:2)
  5 ice beasts
  2 sky beasts
  2 phantoms
  A black bear (D:10)
  13 ogres
  3 centaurs
  5 wolves (Lair:4)
  21 crocodiles
  3 big kobolds
  9 giant frogs
  A wyvern zombie (D:7)
  2 gnoll sergeants
  A water moccasin zombie (D:5)
  Dowan (D:6)
  4 scorpions
  An electric eel (Lair:2)
  5 wights
  5 crimson imps
  3 orc priests
  2 jellies
  7 hounds
  Crazy Yiuf (D:6)
  A gnoll shaman (D:8)
  14 orc wizards
  A giant frog skeleton (D:7)
  13 iguanas
  Ijyb (D:2)
  Natasha (thrice) (D:3)
  6 worker ants
  2 hound skeletons
  A howler monkey zombie (D:5)
  11 adders
  8 gnolls
  15 river rats
  3 shadow imps
  5 oozes
  2 adder skeletons
  2 worms (D:3)
  A dart slug (D:2)
  15 giant geckos
  47 orcs
  5 bats
  7 giant cockroaches
  4 goblins
  7 hobgoblins
  6 jackals
  6 quokkas
  3 ball pythons (Sewer)
  A giant gecko skeleton (D:4)
  9 giant newts
  30 kobolds
  A quokka skeleton (D:9)
  2 rats
  A spectral orc (D:2)
  2 fungi
  A plant (Lair:5)
476 creatures vanquished.

Vanquished Creatures (others)
  A human (Lair:5)
  3 orcs
  5 fungi
9 creatures vanquished.

Grand Total: 485 creatures vanquished

Notes
Turn   | Place    | Note
-------+----------+-------------------------------------------
     0 | D:1      | mistymad the Spriggan Assassin began the quest for the Orb.
     0 | D:1      | Reached XP level 1. HP: 10/10 MP: 2/2
   113 | D:1      | Reached skill level 6 in Stealth
   161 | D:1      | Reached XP level 2. HP: 8/14 MP: 3/3
   981 | D:2      | Found a basalt altar of Yredelemnul.
  1027 | D:2      | Reached XP level 3. HP: 17/18 MP: 4/4
  1218 | D:2      | Noticed Ijyb
  1452 | D:2      | Killed Ijyb
  1452 | D:2      | Reached XP level 4. HP: 22/23 MP: 5/5
  1636 | D:2      | Found a shadowy altar of Dithmenos.
  1824 | D:3      | Reached skill level 7 in Stealth
  2362 | D:3      | Found a glowing golden altar of the Shining One.
  2400 | D:3      | Found a stormy altar of Qazlal.
  2401 | D:3      | Found a sacrificial altar of Ru.
  2402 | D:3      | Noticed Natasha
  2403 | D:3      | Found a burning altar of Makhleb.
  2414 | D:3      | Killed Natasha
  2414 | D:3      | Reached XP level 5. HP: 27/27 MP: 6/6
  2435 | D:3      | Noticed Natasha
  2445 | D:3      | Killed Natasha
  2693 | D:3      | Noticed Natasha
  2725 | D:3      | Killed Natasha
  2963 | D:3      | Found a hide-covered altar of Uskayaw.
  3355 | D:4      | Noticed an ogre
  3373 | D:4      | Reached XP level 6. HP: 19/32 MP: 7/7
  3736 | D:4      | Reached skill level 5 in Dodging
  3736 | D:4      | Reached skill level 8 in Stealth
  3800 | D:4      | Reached XP level 7. HP: 5/36 MP: 8/8
  4099 | D:4      | Found a staircase to the Ecumenical Temple.
  4177 | Temple   | Entered the Ecumenical Temple
  4396 | Temple   | Became a worshipper of Gozag Ym Sagoz the Greedy
  4789 | D:5      | Entered Level 5 of the Dungeon
  4829 | D:5      | Reached skill level 5 in Short Blades
  5196 | D:5      | Noticed Pikel
  5197 | D:5      | Reached skill level 9 in Stealth
  5262 | D:5      | Killed Pikel
  5262 | D:5      | Reached XP level 8. HP: 29/42 MP: 9/9
  5756 | D:5      | Found a blossoming altar of Fedhas.
  5898 | D:6      | Reached skill level 10 in Stealth
  6059 | D:6      | Noticed Grinder
  6189 | D:6      | Found a glowing drain.
  6194 | Sewer    | Entered a sewer
  6624 | D:6      | Reached skill level 5 in Fighting
  7018 | D:5      | Reached XP level 9. HP: 19/47 MP: 10/10
  7237 | D:6      | Paralysed by Grinder for 2 turns
  7283 | D:6      | Paralysed by Grinder for 4 turns
  7316 | D:6      | Killed Grinder
  7471 | D:6      | Noticed Dowan
  7473 | D:6      | Noticed Duvessa
  7498 | D:6      | Killed Dowan
  7643 | D:6      | Found a deep blue altar of Sif Muna.
  7743 | D:6      | Killed Duvessa
  7743 | D:6      | Reached skill level 11 in Stealth
  7910 | D:6      | Found a runed door.
  7914 | D:6      | Noticed Crazy Yiuf
  7918 | D:6      | Killed Crazy Yiuf
  9457 | D:7      | Found a sparkling altar of Nemelex Xobeh.
  9757 | D:8      | Noticed Erica
  9782 | D:8      | Killed Erica
  9782 | D:8      | Reached skill level 10 in Dodging
  9782 | D:8      | Reached skill level 12 in Stealth
  9841 | D:8      | Reached XP level 10. HP: 53/53 MP: 11/11
 10282 | D:8      | Found a staircase to the Lair.
 10373 | D:8      | Found Oreqiy's Antique Armour Shop.
 10560 | D:8      | Bought a glowing robe for 19 gold pieces
 10560 | D:8      | Bought a buckler for 126 gold pieces
 10645 | D:8      | Found Obisamax's Book Boutique.
 10786 | D:8      | Found a shimmering altar of Xom.
 11317 | D:8      | Noticed an elephant
 11387 | D:8      | Killed an elephant
 11612 | Lair:1   | Entered Level 1 of the Lair of Beasts
 11623 | Lair:1   | Bought the +4 robe of Augmentation {Str+4 Int+4 Dex+4} for 581 gold pieces
 11642 | Lair:1   | Noticed a black mamba
 11664 | Lair:1   | Killed a black mamba
 11836 | Lair:1   | Noticed a spiny frog
 12015 | Lair:1   | Killed a spiny frog
 12015 | Lair:1   | Reached skill level 13 in Stealth
 12085 | Lair:1   | Noticed a spiny frog
 12234 | Lair:1   | Killed a spiny frog
 12749 | Lair:1   | Noticed a spiny frog
 13767 | D:8      | Reached XP level 11. HP: 24/58 MP: 12/12
 14004 | D:8      | Reached skill level 14 in Stealth
 15225 | D:9      | Reached skill level 10 in Short Blades
 15362 | D:10     | Entered Level 10 of the Dungeon
 15392 | D:10     | Noticed Psyche
 15401 | D:10     | Killed Psyche
 16317 | D:10     | Noticed Fannar
 17025 | Lair:2   | Identified the Catalogue of Lucky Shape Shifting
 17072 | Lair:2   | Reached skill level 1 in Shields
 17217 | Lair:2   | Noticed a death yak
 17334 | Lair:2   | Killed a death yak
 17829 | Lair:2   | Reached skill level 15 in Stealth
 18530 | Lair:2   | Reached XP level 12. HP: 62/65 MP: 13/13
 19155 | Lair:1   | Bought the ring of the Hero {rF+ rN+ MR+ Str+2} for 736 gold pieces
 19329 | Lair:3   | Found a staircase to the Swamp.
 19421 | Lair:3   | Found a staircase to the Snake Pit.
 20005 | Lair:3   | You fall through a shaft!
 20028 | Lair:4   | Noticed Rupert
 20259 | Lair:4   | Killed Rupert
 20259 | Lair:4   | Reached skill level 5 in Throwing
 20967 | Lair:4   | Reached skill level 16 in Stealth
 22686 | Lair:5   | Noticed Urug
 22949 | Lair:5   | Killed Urug
 23207 | Lair:5   | Noticed a death yak
 23210 | Lair:5   | Noticed a death yak
 23219 | Lair:5   | Noticed a death yak
 23289 | Lair:5   | Reached XP level 13. HP: 70/70 MP: 14/14
 23448 | Lair:5   | Reached skill level 15 in Dodging
 25220 | Lair:5   | Reached skill level 17 in Stealth
 25256 | Lair:5   | Reached skill level 5 in Shields
 25543 | Lair:6   | Entered Level 6 of the Lair of Beasts
 25745 | Lair:6   | Reached skill level 10 in Fighting
 26321 | Lair:6   | Mangled by a catoblepas

Vault maps used:
D:1:      minmay_arrival_three_doors
D:2:      lemuel_doored_altar, yredelemnul_forgotten_temple_becter,
          minmay_misc_feat_tower, uniq_iyjb
D:3:      nicolae_tso_carved_into_rock, eat_drink_and_be_merry_uskayaw,
          grunt_temple_overflow_open, hex_tiny, roderic_hopi_sauvastika,
          uniq_natasha
D:4:      first_bread
D:5:      fedhas_altar_3, uniq_pikel
D:6:      led_sif_pool, lightli_sewer_entry_pipes, uniq_crazy_yiuf_cottage,
          uniq_grinder, uniq_duvessa
D:7:      kennysheep_mini
D:8:      lemuel_round_altar, david_lair_generic, serial_shops, shop, shop,
          the_bakery, uniq_erica
D:9:      kennysheep_windowed_halls, water_maze_lemuel
D:10:     uniq_fannar, uniq_psyche
Temple:   minmay_temple_curvy_loop
Lair:1:   lemuel_fruit_tree
Lair:2:   lemuel_reptile_caves
Lair:3:   swamp_mist_pool, minmay_snake_entry_guardpost_small,
          serial_bayou_shore_a, infiniplex_staircase_pool_2, grunt_megastairs_3
Lair:4:   uniq_rupert
Lair:5:   slaughterhouse, uniq_urug
Lair:6:   evil_forest, slime_altar_1, st_stairs_9, minivault_24
Sewer:    kennysheep_pipe_town

Skill      XL: |  1  2  3  4  5  6  7  8  9 10 11 12 13 |
---------------+----------------------------------------+-----
Stealth        | 6 7 8 9 10 12 13 15 16 17 | 17.7
Dodging        | 2 3 4 5 7 8 10 11 13 14 15 | 15.9
Short Blades   | 3 4 6 8 9 10 | 10.0
Fighting       | 2 3 4 5 6 7 8 9 10 | 10.3
Shields        | 2 4 5 |  5.7
Throwing       | 3 5 |  5.2

Action                   |  1- 3 |  4- 6 |  7- 9 | 10-12 | 13-15 || total
-------------------------+-------+-------+-------+-------+-------++-------
Melee: Dagger            |   110 |   138 |   613 |  1909 |   601 ||  3371
 Fire: Blowgun           |       |    21 |    72 |   166 |   119 ||   378
Invok: Call Merchant     |       |       |       |     3 |       ||     3
Evoke: Wand              |       |       |       |     1 |     2 ||     3
  Use: Scroll            |     6 |     3 |    10 |     5 |       ||    24
       Potion            |       |       |     5 |     3 |       ||     8
 Stab: Sleeping          |     7 |     6 |    23 |    47 |    10 ||    93
       Distracted        |       |       |     3 |    19 |     7 ||    29
       Petrifying        |       |       |       |       |     5 ||     5
       Petrified         |       |       |       |       |     3 ||     3
  Eat: Bread ration      |       |       |     1 |     2 |     1 ||     4
       Pizza             |       |       |       |     2 |       ||     2
Armor: Robe              |    10 |     5 |    22 |    84 |    23 ||   144
Dodge: Dodged            |    74 |    70 |   329 |  1249 |   378 ||  2100
